 Dungeon Crawl Stone Soup version 0.29-a0-962-gc8bbfd0a37 (webtiles) character file.

Game seed: 17526046109802487471

851 RBrandon the Tainter (level 8, -3/62 HPs)
             Began as a Naga Venom Mage on July 30, 2022.
             Was an Initiate of Cheibriados.
             Killed by nerve-wracking pain
             ... invoked by a shadow imp
              (10 damage)
             ... on level 5 of the Dungeon.
             The game lasted 00:13:48 (4432 turns).

RBrandon the Tainter (Naga Venom Mage)              Turns: 4432, Time: 00:13:48

Health: -3/62      AC:  3    Str: 13    XL:     8   Next: 1%
Magic:  5/15       EV: 10    Int: 18    God:    Cheibriados [......]
Gold:   222        SH:  0    Dex: 12    Spells: 3/16 levels left

rFire   . . .      SeeInvis +   e - +3 scythe (vamp)
rCold   . . .      Faith    .   (shield currently unavailable)
rNeg    . . .      Spirit   .   a - +0 robe
rPois   +          Reflect  .   (no helmet)
rElec   .          Harm     .   (no cloak)
rCorr   .          Rampage  .   (no gloves)
Will    +....                   (no barding)
Stlth   ++........              (no amulet)
HPRegen 0.20/turn               (no ring)
MPRegen 0.14/turn               (no ring)

@: very slow
A: AC +2, large, see invisible, deformed body, poison resistance, slowness 2,
spit poison 1, naga tail 1
a: Spit Poison, Renounce Religion


You were on level 5 of the Dungeon.
You worshipped Cheibriados.
Cheibriados was noncommittal.
You visited 1 branch of the dungeon, and saw 5 of its levels.

You collected 222 gold pieces.

Inventory:

Hand Weapons
 d - a +0 short sword
 e - a +3 vampiric scythe (weapon)
   (You took it off Sigmund on level 2 of the Dungeon)
Armour
 a - a +0 robe (worn)
Wands
 l - a wand of flame (23)
Scrolls
 c - 5 scrolls of magic mapping {unknown}
 g - 4 scrolls of identify {unknown}
 h - 2 scrolls of butterflies {unknown}
 k - 2 scrolls of brand weapon {unknown}
 m - 4 scrolls of teleportation {unknown}
 o - 2 scrolls of enchant weapon {unknown}
 q - a scroll of silence {unknown}
 r - a scroll of enchant armour {unknown}
 s - a scroll of immolation {unknown}
 t - a scroll of acquirement {unknown}
 v - a scroll of noise {unknown}
Potions
 b - a potion of magic
 f - a potion of cancellation {unknown}
 i - a potion of curing
 j - 2 potions of invisibility {unknown}
 n - a potion of haste {unknown}
 p - a potion of lignification {unknown}
 u - a potion of berserk rage {unknown}


   Skills:
 + Level 0.0 Fighting
 - Level 1.5 Dodging
 - Level 3.0 Stealth
 - Level 4.7 Spellcasting
 - Level 1.0 Transmutations
 - Level 1.7 Air Magic
 - Level 10.0 Poison Magic


You had 3 spell levels left.
You knew the following spells:

 Your Spells              Type           Power      Damage    Failure   Level
a - Sting                 Tmut/Pois      96%        1d7       1%          1
b - Poisonous Vapours     Pois/Air       50%        N/A       1%          2
c - Mephitic Cloud        Conj/Pois/Air  18%        N/A       9%          3
d - Olgreb's Toxic Radia  Pois           40%        N/A       2%          4
e - Ignite Poison         Fire/Tmut/Pois 17%        N/A       9%          3

Your spell library contained the following spells:

 Spells                   Type           Power      Damage    Failure   Level
 Magic Dart               Conj           16%        1d3       14%         1
 Slow                     Hex            16%        N/A       14%         1
 Static Discharge         Conj/Air       7%         3-4/arc   14%         2
 Call Imp                 Summ           4%         N/A       21%         2
 Searing Ray              Conj           8%         2d4       21%         2
 Confusing Touch          Hex            4%         N/A       38%         3
 Vampiric Draining        Necr           4%         2d6       38%         3
 Dispel Undead            Necr           4%         3d7       80%         4
 Fulminant Prism          Conj/Hex       2%         3d6       80%         4
 Sticky Flame             Conj/Fire      4%         2d3       80%         4
 Freezing Cloud           Conj/Ice/Air   3%         6-21      96%         5


Dungeon Overview and Level Annotations

Branches:
Dungeon (5/15)
 Temple: D:4-7

Altars:
Cheibriados
Vehumet

Shops:
D:2 (

Annotations:
D:3 3 runed translucent doors, Aurophilus's ghost, weakling MiFi


Innate Abilities, Weirdness & Mutations

Your serpentine skin is tough. (AC +2)
You have supernaturally acute eyesight. (SInv)
Armour fits poorly on your strangely shaped body.
Your system is resistant to poisons. (rPois)
You cover ground very slowly.
You can spit poison.
You have a snake-like lower body.


Message History

The centaur hits itself.
The centaur barely misses itself.
The shadow imp gestures at you. Pain shoots through your body!
* * * LOW HITPOINT WARNING * * *
You barely miss Ijyb.
Ijyb is almost dead.
The shadow imp lashes its tail.
The shadow imp closely misses you. The shadow imp barely misses you.
Reach: e) +3 scythe (vamp)
Press: ? - help, Dir - move target, f/p - centaur
Aim: a centaur (severely wounded, confused, very poisoned, about 17% to evade your +3 vampiric scythe)
You reach to attack!
You strike the helpless centaur from behind!
You hit the centaur.
The centaur is almost dead.
You kill the centaur!
Cheibriados thoroughly appreciates the change of pace.
The shadow imp hits you but does no damage.
You slash Ijyb!
You feel better.
You kill Ijyb!
Cheibriados appreciates the change of pace.
The shadow imp barely misses you. The shadow imp hits you.
* * * LOW HITPOINT WARNING * * *
Your Poison Magic skill increases to level 10!
You have reached level 8!
You feel stronger.
You barely miss the shadow imp. The shadow imp hits you.
* * * LOW HITPOINT WARNING * * *
You closely miss the shadow imp. The shadow imp hits you.
* * * LOW HITPOINT WARNING * * *
The shadow imp closely misses you.
You hit the shadow imp.
The shadow imp is severely wounded.
The shadow imp hits you.
* * * LOW HITPOINT WARNING * * *
You hit the shadow imp.
The shadow imp is almost dead.
The shadow imp gestures at you. Pain shoots through your body!
You die...

#......#
#......#
#......#
#......#
#.....$#
+......#
#....).#
#...5..#
#...@..#
#....).#
#.(....#
#........
...........
......(.......
...............
...............


You could see a shadow imp.

Vanquished Creatures
  Grinder (D:4)
  Sigmund (D:2)
  A centaur (D:5)
  A bullfrog (D:4)
  A hound (D:4)
  2 orc priests (D:3)
  2 iguanas (D:4)
  Ijyb (D:5)
  3 gnolls (D:2)
  6 adders
  An adder skeleton (D:2)
  4 dart slugs
  3 orcs
  8 ball pythons
  A bat zombie (D:2)
  9 endoplasms
  2 giant cockroaches
  10 goblins
  9 hobgoblins
  7 jackals
  3 quokkas
  A ball python skeleton (D:2)
  A ball python zombie (D:2)
  8 bats
  3 frilled lizards
  7 kobolds
  12 rats
108 creatures vanquished.

Vanquished Creatures (others)
  2 withered plants (D:2)
2 creatures vanquished.

Grand Total: 110 creatures vanquished

Notes
Turn   | Place    | Note
-------+----------+-------------------------------------------
     0 | D:1      | RBrandon the Naga Venom Mage began the quest for the Orb.
     0 | D:1      | Reached XP level 1. HP: 15/15 MP: 3/3
   171 | D:1      | Found a faded altar of an unknown god.
   192 | D:1      | Reached XP level 2. HP: 17/22 MP: 2/5
   701 | D:1      | Learned a level 2 spell: Poisonous Vapours
  1011 | D:1      | Reached XP level 3. HP: 28/28 MP: 7/7
  1505 | D:2      | Learned a level 3 spell: Mephitic Cloud
  1727 | D:2      | Reached skill level 1 in Air Magic
  1731 | D:2      | Noticed Sigmund
  1953 | D:2      | Reached XP level 4. HP: 30/36 MP: 9/9
  2118 | D:2      | Killed Sigmund
  2119 | D:2      | Reached skill level 6 in Poison Magic
  2119 | D:2      | Reached XP level 5. HP: 30/42 MP: 2/10
  2201 | D:2      | Found Otecoil's Weapon Shop.
  2327 | D:2      | Reached XP level 6. HP: 46/49 MP: 8/11
  2328 | D:2      | Reached skill level 7 in Poison Magic
  2406 | D:2      | Learned a level 4 spell: Olgreb's Toxic Radiance
  2552 | D:3      | Found a radiant altar of Vehumet.
  2906 | D:3      | Reached skill level 8 in Poison Magic
  3081 | D:3      | Found a runed translucent gate.
  3083 | D:3      | Noticed Aurophilus's ghost (weakling MiFi)
  3085 | D:3      | Found a runed translucent gate.
  3086 | D:3      | Found a runed translucent gate.
  3437 | D:4      | Reached XP level 7. HP: 29/55 MP: 10/12
  3627 | D:4      | Noticed Grinder
  3695 | D:4      | Reached skill level 9 in Poison Magic
  3843 | D:4      | Killed Grinder
  3929 | D:4      | Learned a level 3 spell: Ignite Poison
  4319 | D:5      | Entered Level 5 of the Dungeon
  4319 | D:5      | Noticed a torpor snail
  4319 | D:5      | Found a snail-covered altar of Cheibriados.
  4346 | D:5      | Became a worshipper of Cheibriados the Contemplative
  4415 | D:5      | Noticed Ijyb
  4428 | D:5      | Killed Ijyb
  4429 | D:5      | Reached skill level 10 in Poison Magic
  4429 | D:5      | Reached XP level 8. HP: 15/62 MP: 4/15
  4432 | D:5      | Killed from afar by a shadow imp

Illustrated notes

Levels and vault maps discovered:
D:1:      lemuel_arrival_behind_the_door_small, layout_basic,
          hellmonk_ecumenical_altar_heavens_door
D:2:      layout_rooms, serial_undead, serial_undead_e, serial_undead_e,
          serial_undead_d, serial_undead_d, serial_shops, nicolae_shop_trees,
          minmay_joined_circles, uniq_sigmund
D:3:      layout_basic, vehumet_altar_wand_db, ebering_ghost_rock_garden,
          st_stairs_11
D:4:      layout_basic, uniq_grinder
D:5:      layout_gridville, cheibriados_altar_2, uniq_ijyb

Skill      XL: |  1  2  3  4  5  6  7 |
---------------+----------------------+-----
Spellcasting   | 3 4 |  4.7
Air Magic      | 1 |  1.7
Poison Magic   | 6 8 10 | 10.0
Dodging        | |  1.5
Stealth        | |  3.0
Transmutations | |  1.0

Action                   |  1- 3 |  4- 6 |  7- 9 || total
-------------------------+-------+-------+-------++-------
Melee: Short sword       |    50 |    15 |       ||    65
       Unarmed           |     1 |       |       ||     1
       Punch             |       |     1 |       ||     1
       Halberd           |       |    64 |    25 ||    89
 Cast: Sting             |    48 |    20 |    15 ||    83
       Mephitic Cloud    |     1 |     4 |     1 ||     6
       Olgreb's Toxic Ra |       |     3 |     4 ||     7
 Abil: Spit Poison       |    28 |     6 |     2 ||    36
  Use: Potion            |     1 |       |     2 ||     3
 Stab: Sleeping          |     2 |     4 |     1 ||     7
       Confused          |       |       |     1 ||     1
Armor: Robe              |    38 |    24 |    13 ||    75
Dodge: Dodged            |    50 |    44 |    20 ||   114

Table legend: (Time is in decaauts)
 A = Elapsed time spent in this place.
 B = Non-inter-level travel time spent in this place.
 C = Inter-level travel time spent in this place.
 D = Time resting spent in this place.
 E = Time spent auto-exploring this place.
 F = Levels seen in this place.
 G = Mean time per level.
                   A        B        C        D        E       F      G
               +--------+--------+--------+--------+--------+-----+--------+
         Total |   5495 |   5317 |    178 |    523 |   3780 |   5 | 1099.0 |
       Dungeon |   5495 |   5317 |    178 |    523 |   3780 |   5 | 1099.0 |
               +--------+--------+--------+--------+--------+-----+--------+

Top non-repeatable levels by time:
     D:1: 1940 daAuts
     D:4: 1217 daAuts
     D:2: 1134 daAuts
     D:3: 1029 daAuts
     D:5: 173 daAuts

Table legend:
 A = Kills in this place as a percentage of kills in entire the game.
 B = Kills by you in this place as a percentage of kills by you in the entire game.
 C = Kills by friends in this place as a percentage of kills by friends in the entire game.
 D = Other kills in this place as a percentage of other kills in the entire game.
 E = Experience gained in this place as a percentage of experience gained in the entire game.
 F = Experience gained in this place divided by the number of levels of this place that you have seen.
                   A       B       C       D       E      F
               +-------+-------+-------+-------+-------+----------------------
         Total | 100.0 | 100.0 |   N/A | 100.0 | 100.0 | 243.4
       Dungeon | 100.0 | 100.0 |   N/A | 100.0 | 100.0 | 243.4
               +-------+-------+-------+-------+-------+----------------------
